 Dungeon Crawl Stone Soup version 0.21-a0-85-ga0cb861 (webtiles) character file.

3330 tidbits the Fighter (level 10, -23/72 HPs)
             Began as an Octopode Air Elementalist on June 25, 2017.
             Was a Follower of Okawaru.
             Annihilated by a two-headed ogre
             ... wielding a +0 giant club
              (25 damage)
             ... on level 7 of the Dungeon.
             The game lasted 00:42:03 (9473 turns).

tidbits the Fighter (Octopode Air Elementalist)     Turns: 9473, Time: 00:42:03

Health: -23/72     AC:  2    Str:  8    XL:     10   Next: 2%
Magic:  12/15      EV: 16    Int: 24    God:    Okawaru [*.....]
Gold:   111        SH:  7    Dex: 11    Spells: 6/16 levels left

rFire    . . .     SeeInvis .   a - +1 short sword (speed)
rCold    . . .     Gourm    .   D - +2 buckler
rNeg     . . .     Faith    .   (helmet restricted)
rPois    +         Spirit   .   (no amulet)
rElec    .         Reflect  .   l - +4 ring of intelligence
rCorr    .         Harm     .   W - ring of wizardry
MR       .....                  g - +1 ring of protection
Stlth    ++++......             (no ring)
HPRegen  0.22/turn              P - ring of poison resistance
MPRegen  0.14/turn              (no ring)
                                (no ring)
                                (no ring)

@: no status effects
A: almost no armour, stealthy swim, amphibious, 8 rings, constrict 8, repulsion
field 1, camouflage 1, blink, clumsy 1, poison resistance, gelatinous body 1
a: Blink, Heroism, Renounce Religion


You were on level 7 of the Dungeon.
You worshipped Okawaru.
Okawaru was aware of your devotion.
You were not hungry.

You visited 2 branches of the dungeon, and saw 8 of its levels.
You also visited: Ossuary.

You collected 342 gold pieces.
You spent 231 gold pieces at shops.

Inventory:

Hand Weapons
 a - a +1 short sword of speed (weapon)
 d - a +0 dagger
 e - a +1 trident of freezing
 f - a +0 trident of flaming
 r - a +2 whip of freezing
 w - a +0 hunting sling
 y - a +0 long sword
 z - a +0 shortbow
Missiles
 n - a throwing net
 s - 56 stones (quivered)
 v - 85 arrows
Armour
 D - a +2 buckler (worn)
Jewellery
 g - a +1 ring of protection (on tentacle)
 l - a +4 ring of intelligence (left tentacle)
 P - a ring of poison resistance (on tentacle)
 W - a ring of wizardry (right tentacle)
Wands
 B - a wand of paralysis (2/24)
Scrolls
 c - a scroll of fog {unknown}
 h - 2 scrolls of immolation
 o - 2 scrolls of teleportation
 q - a scroll of blinking {unknown}
 t - 3 scrolls of enchant armour {unknown}
 x - a scroll of identify
 A - 2 scrolls of enchant weapon
 E - a scroll of fear {unknown}
 F - a scroll of recharging {unknown}
 G - 2 scrolls of magic mapping {unknown}
Potions
 i - 2 potions of flight {unknown}
 k - a potion of invisibility
 m - 2 potions of agility
 p - a potion of haste
 u - 2 potions of magic
 H - 2 potions of mutation
Books
 j - a book of Air

   Spells                             Type                      Level
   a - Shock                          Conjuration/Air              1
   b - Swiftness                      Charms/Air                   2
   c - Static Discharge               Conjuration/Air              3
   d - Airstrike                      Air                          4
   e - Lightning Bolt                 Conjuration/Air              5
 I - a book of Maledictions

   Spells                             Type                      Level
   a - Corona                         Hexes                        1
   b - Ensorcelled Hibernation        Hexes/Ice                    2
   c - Confuse                        Hexes                        3
   d - Tukima's Dance                 Hexes                        3
   e - Dazzling Spray                 Conjuration/Hexes            3
Comestibles
 b - 5 bread rations
 C - 2 fruits
 J - a chunk of flesh


   Skills:
 - Level 8.2 Fighting
 - Level 4.1 Dodging
 + Level 6.2 Stealth
 - Level 5.0 Shields
 - Level 3.5 Spellcasting
 - Level 2.5 Conjurations
 - Level 7.5 Air Magic


You had 6 spell levels left.
You knew the following spells:

 Your Spells              Type           Power        Failure   Level  Hunger
d - Static Discharge      Conj/Air       ####....     1%          3    ###....
i - Airstrike             Air            #####.....   1%          4    ####...
z - Shock                 Conj/Air       ####         1%          1    None
W - Swiftness             Chrm/Air       ###.....     1%          2    #......


Dungeon Overview and Level Annotations

Branches:
Dungeon (7/15)             Temple (1/1) D:7

Altars:
Ashenzari
Cheibriados
Dithmenos
Elyvilon
Fedhas
Makhleb
Nemelex Xobeh
Okawaru
Qazlal
Ru
Vehumet
Wu Jian
Xom
Yredelemnul
Zin
The Shining One
Lugonu

Shops:
D:5 *

Annotations:
D:4 2 transporters
D:5 exclusion: downstairs
D:7 4 runed doors


Innate Abilities, Weirdness & Mutations

You cannot wear most types of armour.
You are very stealthy in the water. (Stealth+)
You are amphibious.
You can wear up to eight rings at the same time.
You can use your tentacles to constrict eight enemies at once.
Your skin changes colour to match your surroundings (Stealth+).
Your rubbery body absorbs attacks. (AC +1, EV +1)
You are surrounded by a mild repulsion field. (EV +2)
You can translocate small distances at will.
You are clumsy. (Dex -2)
Your system is resistant to poisons. (rPois)


Message History

Unknown command.
Okay, then.
Evoke which item? (* to show all) (? for menu, Esc to quit)
Aiming: Paralyse
Press: ? - help, Shift-Dir - straight line The two-headed ogre easily resists.
This wand has 4 charges left.
The two-headed ogre closely misses you.
The two-headed ogre hits you with a giant club!
* * * LOW HITPOINT WARNING * * *
Unknown command.
Evoke which item? (* to show all) (? for menu, Esc to quit)
Aiming: Paralyse
Press: ? - help, Shift-Dir - straight line The two-headed ogre easily resists.
This wand has 3 charges left.
Evoke which item? (* to show all) (? for menu, Esc to quit)
Aiming: Paralyse
Press: ? - help, Shift-Dir - straight line The two-headed ogre easily resists.
This wand has 2 charges left.
The two-headed ogre hits you with a giant club!!
You die...

#...######..######..#
#..##....#### ##.#
#..#.#.##[# #.#
##.#.#a.# #.#
#.#O###.. #.#
#.#.#)##}# #..
#.##.#.### ##..
#..###'# #+###...
#..@O..# #.......
#..##.## ##..#...
##.##.# #..#...
#.##.+ +..#... #.##.+
+..#.## #.##.#
#..<... #.##.##
##....## ####
#.##..######.......
..#
#..................


You could see a two-headed ogre.

Vanquished Creatures
  Pikel (D:4)
  A hippogriff (D:7)
  Menkaure (D:6)
  2 ice beasts
  A slave (D:4)
  An ogre (D:5)
  3 phantoms
  3 centaurs
  A big kobold (D:7)
  2 elf zombies (Ossuary)
  2 bullfrogs (D:6)
  A scorpion (D:7)
  8 wights (D:6)
  A bullfrog zombie (D:7)
  3 crimson imps (D:6)
  2 human zombies (Ossuary)
  2 centaur zombies (Ossuary)
  3 hounds
  An orc priest (D:4)
  3 iguanas
  2 orc wizards
  7 worker ants
  4 big kobold zombies (Ossuary)
  2 mummies (Ossuary)
  Robin (D:4)
  13 adders
  2 shadow imps
  3 worms
  4 dart slugs
  6 leopard geckos
  14 orcs
  4 giant cockroaches
  23 goblins
  5 hobgoblins
  19 jackals
  3 quokkas
  A ball python (D:3)
  9 bats
  3 frilled lizards
  A goblin zombie (Ossuary)
  10 hobgoblin zombies (Ossuary)
  13 kobolds
  10 kobold zombies (Ossuary)
  2 leopard gecko skeletons (D:4)
  5 orc zombies (Ossuary)
  A quokka skeleton (D:7)
  8 rats
  A rat zombie (Ossuary)
218 creatures vanquished.

Vanquished Creatures (others)
  An orc wizard (D:4)
  An orc (D:4)
2 creatures vanquished.

Grand Total: 220 creatures vanquished

Notes
Turn   | Place    | Note
-------+----------+-------------------------------------------
     0 | D:1      | tidbits the Octopode Air Elementalist began the quest for the Orb.
     0 | D:1      | Reached XP level 1. HP: 11/11 MP: 3/3
   197 | D:1      | Reached XP level 2. HP: 17/17 MP: 1/5
   240 | D:1      | Learned a level 2 spell: Swiftness
   784 | D:1      | Reached XP level 3. HP: 21/21 MP: 3/6
   789 | D:1      | Learned a level 3 spell: Static Discharge
  1070 | D:2      | Found a radiant altar of Vehumet.
  1240 | D:1      | Reached XP level 4. HP: 25/27 MP: 1/7
  1484 | D:2      | Found a sacrificial altar of Ru.
  2151 | D:2      | Found a glowing golden altar of the Shining One.
  2481 | D:3      | Reached XP level 5. HP: 31/31 MP: 7/9
  2726 | D:3      | Learned a level 4 spell: Airstrike
  3216 | D:4      | Found a transporter.
  3232 | D:4      | Found a transporter.
  3291 | D:4      | Noticed a phantom
  3625 | D:4      | Reached XP level 6. HP: 36/36 MP: 8/11
  3648 | D:4      | Noticed Robin
  3684 | D:4      | Killed Robin
  3684 | D:4      | Reached skill level 5 in Air Magic
  4167 | D:4      | Reached skill level 1 in Fighting
  4181 | D:4      | Found a sparkling altar of Nemelex Xobeh.
  4252 | D:4      | Reached skill level 2 in Fighting
  4288 | D:4      | Noticed a slave
  4295 | D:4      | Noticed a slave
  4297 | D:4      | Noticed Pikel
  4299 | D:4      | Noticed a slave
  4314 | D:4      | Killed a slave
  4315 | D:4      | Killed Pikel
  4315 | D:4      | Reached skill level 5 in Fighting
  4315 | D:4      | Reached XP level 7. HP: 38/51 MP: 2/12
  4427 | D:4      | Reached skill level 6 in Fighting
  4552 | D:4      | Reached XP level 8. HP: 57/57 MP: 8/13
  4649 | D:4      | Found a glowing silver altar of Zin.
  4650 | D:4      | Noticed an angel
  4776 | D:5      | Entered Level 5 of the Dungeon
  4835 | D:5      | Found Ogis's Assorted Antiques.
  4838 | D:5      | Bought a glowing pearl ring for 165 gold pieces
  4838 | D:5      | Bought a scroll of identify for 66 gold pieces
  5322 | D:5      | Found a white marble altar of Elyvilon.
  5376 | D:5      | Found a basalt altar of Yredelemnul.
  5653 | D:6      | Noticed Menkaure
  6466 | D:6      | Reached skill level 1 in Shields
  6466 | D:6      | Reached XP level 9. HP: 30/62 MP: 6/14
  6734 | D:6      | Gained mutation: You are frail. (-10% HP) [potion of mutation]
  6734 | D:6      | Gained mutation: You passively map a small area around you. [potion of mutation]
  6735 | D:6      | Lost mutation: You passively map a small area around you. [potion of mutation]
  6735 | D:6      | Lost mutation: You are frail. (-10% HP) [potion of mutation]
  6735 | D:6      | Gained mutation: You can translocate small distances at will. [potion of mutation]
  6735 | D:6      | Gained mutation: You are clumsy. (Dex -2) [potion of mutation]
  6735 | D:6      | Gained mutation: You are surrounded by a mild repulsion field. (EV +2) [potion of mutation]
  6735 | D:6      | Gained mutation: Your system is resistant to poisons. (rPois) [potion of mutation]
  6849 | D:6      | Killed Menkaure
  7268 | D:6      | Found a stormy altar of Qazlal.
  7437 | D:6      | Reached skill level 5 in Shields
  7520 | D:7      | Found a staircase to the Ecumenical Temple.
  7554 | Temple   | Entered the Ecumenical Temple
  7567 | Temple   | Became a worshipper of Warmaster Okawaru
  7729 | D:7      | Found a large runed door.
  7729 | D:7      | Found a large runed door.
  7746 | D:7      | Reached skill level 7 in Fighting
  7768 | D:7      | Found a shadowy altar of Dithmenos.
  7896 | D:7      | Found a large runed door.
  7896 | D:7      | Found a large runed door.
  7949 | D:7      | Found a sand-covered staircase.
  7953 | Ossuary  | Entered an ossuary
  8694 | Ossuary  | Reached skill level 8 in Fighting
  9174 | D:7      | Found an ornate altar of the Wu Jian Council.
  9234 | D:7      | Reached skill level 5 in Stealth
  9250 | D:7      | Reached * piety under Okawaru
  9421 | D:7      | Reached XP level 10. HP: 70/72 MP: 12/15
  9454 | D:7      | Noticed a two-headed ogre
  9471 | D:7      | HP: 2/72 [two-headed ogre/giant club (15)]
  9473 | D:7      | Annihilated by a two-headed ogre

Vault maps used:
D:1:      lemuel_arrival_muddy
D:2:      vehumet_crystals, lemuel_doored_altar, tso_altar
D:3:      first_bread
D:4:      gammafunk_wand_slinger, nemelex_xobeh_ov_fountains_minmay, zin_angel,
          uniq_robin, uniq_pikel
D:5:      kennysheep_ying_yang, serial_shops, nicolae_shop_crystal
D:6:      marbit_many_paths, uniq_menkaure
D:7:      nicolae_dithmenos_shadow_blocks, nicolae_overflow_hidden_temple,
          lemuel_crystal_altar, minmay_temple_entry_statues_fountains,
          nicolae_ossuary_entry_false_entrances, minmay_hollow_rounded_squares
Temple:   corrupted_temple
Ossuary:  ossuary_tomb_1

Skill      XL: |  1  2  3  4  5  6  7  8  9 |
---------------+----------------------------+-----
Conjurations   | 2 |  2.5
Air Magic      | 4 5 7 |  7.5
Spellcasting   | 3 |  3.5
Fighting       | 5 6 8 |  8.2
Dodging        | 4 |  4.1
Stealth        | 3 6 |  6.2
Shields        | 1 5 |  5.0

Action                   |  1- 3 |  4- 6 |  7- 9 | 10-12 || total
-------------------------+-------+-------+-------+-------++-------
Melee: Dagger            |    26 |    40 |       |       ||    66
       Constrict         |     8 |    10 |    11 |       ||    29
       Tentacles         |     3 |     5 |     7 |       ||    15
       Short sword       |       |       |    60 |       ||    60
 Cast: Shock             |    44 |   129 |   289 |     8 ||   470
       Static Discharge  |     1 |     1 |     8 |       ||    10
       Airstrike         |       |     1 |     5 |       ||     6
       Swiftness         |       |       |     1 |       ||     1
Evoke: Wand              |       |       |       |     3 ||     3
  Use: Scroll            |       |     7 |     7 |       ||    14
       Potion            |       |     1 |     2 |       ||     3
 Stab: Sleeping          |     7 |     5 |     1 |       ||    13
  Eat: Chunk             |     1 |     9 |     4 |       ||    14
       Fruit             |       |     1 |     2 |       ||     3
       Bread ration      |       |       |     1 |       ||     1
       Meat ration       |       |       |     1 |       ||     1
       Royal jelly       |       |       |     1 |       ||     1
Armor: Skin              |     7 |     8 |     4 |       ||    19
Dodge: Dodged            |    27 |    33 |    54 |     1 ||   115
Block: Buckler           |       |       |    40 |     1 ||    41
